 Dungeon Crawl Stone Soup version 0.29-a0-352-g0917bc69df (webtiles) character file.

Game seed: 4821175472216368063

1332 oldmanjim the Vexing (level 8, 0/61 HPs)
             Began as a Gnoll Arcane Marksman on Apr 24, 2022.
             Was a Follower of Okawaru.
             Slain by a gnoll
             ... wielding a +0 spear
              (3 damage)
             ... on level 6 of the Dungeon.
             The game lasted 00:46:14 (7941 turns).

oldmanjim the Vexing (Gnoll Arcane Marksman)        Turns: 7941, Time: 00:46:15

Health: 0/61       AC:  6    Str: 11    XL:     8   Next: 61%
Magic:  13/14      EV: 14    Int: 12    God:    Okawaru [*.....]
Gold:   394        SH:  0    Dex: 14    Spells: 12/16 levels left

rFire   . . .      SeeInvis .   b - +1 dagger (venom)
rCold   . . .      Faith    .   (no shield)
rNeg    + + .      Spirit   .   h - +3 leather armour of Spring Thaw {rN++}
rPois   .          Reflect  .   (no helmet)
rElec   .          Harm     .   (no cloak)
rCorr   .          Rampage  .   (no gloves)
Will    .....                   (no boots)
Stlth   ++........              (no amulet)
HPRegen 0.20/turn               (no ring)
MPRegen 0.14/turn               (no ring)

@: mighty
A: fangs 1, strong nose, distributed training
a: Renounce Religion, Heroism


You were on level 6 of the Dungeon.
You worshipped Okawaru.
Okawaru was aware of your devotion.
You visited 2 branches of the dungeon, and saw 7 of its levels.

You collected 394 gold pieces.

Inventory:

Hand Weapons
 a - a +1 hand crossbow
 b - a +1 dagger of venom (weapon)
 j - a +0 dagger of electrocution
Missiles
 i - 300 stones
 q - 6 boomerangs
 z - a throwing net
Armour
 h - the +3 leather armour of Spring Thaw (worn) {rN++}
   (You found it on level 2 of the Dungeon)

   rN:        It greatly protects you from negative energy.
 u - a +1 robe
Magical Staves
 s - a staff of fire
Jewellery
 x - a ring of ice
Wands
 o - a wand of flame (28)
 v - a wand of digging (4)
Scrolls
 c - 3 scrolls of vulnerability
 g - a scroll of noise
 l - 2 scrolls of enchant armour
 n - a scroll of blinking
 y - a scroll of identify
Potions
 d - a potion of invisibility
 e - a potion of heal wounds
 f - a potion of magic
 k - 2 potions of flight {unknown}
 m - 2 potions of degeneration {unknown}
 p - a potion of might
 r - 4 potions of brilliance
 t - 2 potions of haste {unknown}
 w - a potion of ambrosia {unknown}


   Skills:
 + Level 4.3 Fighting
 + Level 3.4 Short Blades
 + Level 3.4 Long Blades
 + Level 3.4 Axes
 + Level 3.4 Maces & Flails
 + Level 3.4 Polearms
 + Level 3.4 Staves
 + Level 3.4 Slings
 + Level 3.4 Bows
 + Level 5.8 Crossbows
 + Level 3.4 Throwing
 + Level 3.4 Armour
 + Level 5.8 Dodging
 + Level 3.4 Stealth
 + Level 3.4 Shields
 + Level 3.4 Unarmed Combat
 + Level 4.5 Spellcasting
 + Level 2.8 Conjurations
 + Level 6.2 Hexes
 + Level 2.8 Summonings
 + Level 2.8 Necromancy
 + Level 2.8 Translocations
 + Level 2.8 Transmutations
 + Level 2.8 Fire Magic
 + Level 2.8 Ice Magic
 + Level 2.8 Air Magic
 + Level 2.8 Earth Magic
 + Level 2.8 Poison Magic
 + Level 3.7 Invocations
 + Level 3.4 Evocations


You had 12 spell levels left.
You knew the following spells:

 Your Spells              Type           Power      Damage    Failure   Level
a - Slow                  Hex            68%        N/A       1%          1
b - Inner Flame           Hex/Fire       13%        N/A       13%         3

Your spell library contained the following spells:

 Spells                   Type           Power      Damage    Failure   Level
 Freeze                   Ice            36%        1d6       9%          1
 Shock                    Conj/Air       36%        1d5       9%          1
 Static Discharge         Conj/Air       9%         N/A       13%         2
 Portal Projectile        Hex/Tloc       26%        N/A       13%         3
 Cause Fear               Hex            8%         N/A       21%         4
 Frozen Ramparts          Ice            18%        1d3       26%         3
 Ignite Poison            Fire/Tmut/Pois 9%         N/A       26%         3
 Mephitic Cloud           Conj/Pois/Air  9%         N/A       26%         3
 Swiftness                Air            9%         N/A       26%         3
 Airstrike                Air            4%         N/A       63%         4
 Dispel Undead            Necr           9%         3d8       63%         4
 Hailstorm                Conj/Ice       9%         3d4       63%         4
 Ice Form                 Ice/Tmut       9%         N/A       63%         4
 Sticky Flame             Conj/Fire      9%         2d3       63%         4
 Freezing Cloud           Conj/Ice/Air   4%         6-21      93%         5
 Polar Vortex             Ice            4%         N/A       100%        9
 Summon Ice Beast         Ice/Summ       Unusable   N/A       N/A         4
 Simulacrum               Ice/Necr       Unusable   N/A       N/A         6

Dungeon Overview and Level Annotations

Branches:
Dungeon (6/15)             Temple (1/1) D:4

Altars:
Dithmenos
Elyvilon
Gozag
Hepliaklqana
Kikubaaqudgha
Makhleb
Nemelex Xobeh
Okawaru
Qazlal
Ru
Sif Muna
Uskayaw
Vehumet
Wu Jian
Xom
Yredelemnul
The Shining One

Shops:
D:1 =   D:6 [

Annotations:
D:2 1 runed translucent door, exclusion: door, Crazy Yiuf
D:5 3 runed translucent doors, exclusion: 3 doors, Strat's ghost, novice DrCj


Innate Abilities, Weirdness & Mutations

You have very sharp teeth.
Your uncanny sense of smell can sniff out nearby items.
Your experience applies equally to all skills.


Message History

The gnoll sergeant completely misses you.
You hit the gnoll sergeant.
The gnoll sergeant is poisoned.
The gnoll sergeant is moderately wounded.
The gnoll hits you with a +0 spear. The gnoll barely misses you.
The gnoll sergeant completely misses you.
You puncture the gnoll sergeant!
The gnoll sergeant is heavily wounded.
The gnoll misses you. The gnoll hits you with a +0 spear.
* * * LOW HITPOINT WARNING * * *
The gnoll misses you.
You hit the gnoll.
The gnoll is poisoned.
The gnoll is heavily wounded.
The gnoll closely misses you. x2
You closely miss the gnoll. The gnoll barely misses you.
The gnoll throws a stone.
The stone barely misses you.
You closely miss the gnoll. The gnoll hits you with a +0 spear.
* * * LOW HITPOINT WARNING * * *
The gnoll misses you. The gnoll sergeant closely misses you.
The gnoll hits you but does no damage.
You puncture the gnoll!
The gnoll is poisoned.
Your bite misses the gnoll.
The gnoll is severely wounded.
You kill the gnoll!
Okawaru accepts your kill. The gnoll hits you but does no damage.
The gnoll sergeant completely misses you.
The gnoll hits you with a +0 spear.
* * * LOW HITPOINT WARNING * * *
The gnoll closely misses you.
Things that are here:
a +0 halberd; a gnoll corpse You hit the gnoll but do no damage.
The gnoll is poisoned.
The gnoll misses you.
The gnoll hits you from afar with a +0 spear.
* * * LOW HITPOINT WARNING * * *
The gnoll sergeant hits you from afar with a +0 trident.
* * * LOW HITPOINT WARNING * * *
You hit the gnoll but do no damage.
The gnoll looks as sick as possible!
The gnoll closely misses you.
The gnoll hits you from afar with a +0 spear.
You die...

####.≈≈≈≈.≈≈≈ ##....≈S≈≈.≈≈≈
#............. ........#....
########.......##...
##.....##............
#..gg...'............ #####
#....g.##.......##... #...#
##..@..##.......##...
#...########.....##..)....##...
#.........#########.......##...
#..........#...................
#..........#...................
#...##.....#.........>.........
#...##....##.....##............
#...'.....##'######.......##...
#...##....##.....###########...


You could see a gnoll sergeant (poisoned, slow) and 2 gnolls.

Vanquished Creatures
  A yak (D:5)
  A water moccasin (D:5)
  A black bear (D:5)
  An ogre (D:3)
  4 scorpions
  An electric eel (D:6)
  An orc priest (D:4)
  A gnoll shaman (D:5)
  A jelly (D:5)
  4 hounds
  An iguana (D:6)
  Terence (D:3)
  5 orc wizards
  6 gnolls (D:6)
  6 adders
  A shadow imp (D:6)
  An ufetubus (D:6)
  27 orcs
  5 bats
  5 endoplasms
  A giant cockroach (D:3)
  10 goblins
  11 hobgoblins
  7 kobolds
  A quokka (D:3)
  6 ball pythons
  2 frilled lizards
  8 rats
120 creatures vanquished.

Vanquished Creatures (others)
  3 fungi
  2 plants (D:5)
5 creatures vanquished.

Grand Total: 125 creatures vanquished

Notes
Turn   | Place    | Note
-------+----------+-------------------------------------------
     0 | D:1      | oldmanjim the Gnoll Arcane Marksman began the quest for the
                  | Orb.
     0 | D:1      | Reached XP level 1. HP: 17/17 MP: 4/4
   317 | D:1      | Reached XP level 2. HP: 23/23 MP: 2/5
   625 | D:1      | Found Ugarap's Jewellery Shoppe.
   861 | D:1      | Found a faded altar of an unknown god.
  1137 | D:2      | Identified the +3 leather armour of Spring Thaw {rN++}
  1354 | D:2      | Noticed Terence
  1386 | D:2      | HP: 1/23 [Terence/+0 mace (7)]
  1705 | D:2      | Reached XP level 3. HP: 28/28 MP: 4/7
  2284 | D:2      | Reached skill level 1 in Invocations
  2439 | D:2      | Found a runed translucent door.
  2440 | D:2      | Noticed Crazy Yiuf
  2689 | D:3      | Reached skill level 1 in Short Blades
  2689 | D:3      | Reached skill level 1 in Long Blades
  2689 | D:3      | Reached skill level 1 in Axes
  2689 | D:3      | Reached skill level 1 in Maces & Flails
  2689 | D:3      | Reached skill level 1 in Polearms
  2689 | D:3      | Reached skill level 1 in Staves
  2689 | D:3      | Reached skill level 1 in Slings
  2689 | D:3      | Reached skill level 1 in Bows
  2689 | D:3      | Reached skill level 1 in Throwing
  2689 | D:3      | Reached skill level 1 in Armour
  2689 | D:3      | Reached skill level 1 in Stealth
  2689 | D:3      | Reached skill level 1 in Shields
  2689 | D:3      | Reached skill level 1 in Unarmed Combat
  2689 | D:3      | Reached skill level 1 in Evocations
  2841 | D:3      | Reached XP level 4. HP: 30/34 MP: 8/8
  3210 | D:2      | Reached skill level 1 in Conjurations
  3210 | D:2      | Reached skill level 1 in Summonings
  3210 | D:2      | Reached skill level 1 in Necromancy
  3210 | D:2      | Reached skill level 1 in Translocations
  3210 | D:2      | Reached skill level 1 in Transmutations
  3210 | D:2      | Reached skill level 1 in Fire Magic
  3210 | D:2      | Reached skill level 1 in Ice Magic
  3210 | D:2      | Reached skill level 1 in Air Magic
  3210 | D:2      | Reached skill level 1 in Earth Magic
  3210 | D:2      | Reached skill level 1 in Poison Magic
  3431 | D:3      | Noticed an ogre
  3440 | D:3      | Killed an ogre
  3441 | D:3      | Reached XP level 5. HP: 41/41 MP: 9/9
  3665 | D:3      | Reached XP level 6. HP: 36/47 MP: 8/11
  3776 | D:4      | Found a staircase to the Ecumenical Temple.
  3797 | Temple   | Entered the Ecumenical Temple
  4028 | Temple   | Became a worshipper of Warmaster Okawaru
  4087 | D:4      | Reached skill level 5 in Crossbows
  4087 | D:4      | Reached skill level 5 in Dodging
  4237 | D:3      | Killed Terence
  4991 | D:5      | Entered Level 5 of the Dungeon
  4995 | D:5      | Reached XP level 7. HP: 52/52 MP: 12/12
  5221 | D:5      | Reached * piety under Okawaru
  5403 | D:5      | Found a runed translucent gate.
  5403 | D:5      | Found a runed translucent gate.
  5428 | D:5      | Found a runed translucent gate.
  5429 | D:5      | Noticed Strat's ghost (novice DrCj)
  6757 | D:5      | Reached skill level 6 in Hexes
  6757 | D:5      | Reached XP level 8. HP: 38/60 MP: 10/14
  7113 | D:6      | Noticed a yak
  7114 | D:6      | Noticed a yak
  7115 | D:6      | Noticed a yak
  7323 | D:6      | Found Ovoulaoh's Armour Shop.
  7349 | D:6      | Learned a level 3 spell: Inner Flame
  7637 | D:6      | Found a hide-covered altar of Uskayaw.
  7748 | D:5      | Killed a yak
  7926 | D:6      | Identified the +8 scale mail "Bewn" {rN+}
  7940 | D:6      | HP: 2/61 [gnoll sergeant/+0 trident (6)]
  7941 | D:6      | Slain by a gnoll

Illustrated notes

Levels and vault maps discovered:
D:1:      dpeg_chamrin_arrival_tetris, layout_basic, serial_shops,
          nicolae_diamond_shop, chequers_ecumenical_altar_simple_redux,
          nrook_mini_backslash, minmay_surrounded
D:2:      layout_basic, uniq_crazy_yiuf_cottage, uniq_terence
D:3:      layout_basic, guppyfry_early_orc_mine
D:4:      nicolae_BIG_FREAKIN_CUBE, layout_cave_pools,
          minmay_temple_entry_nine_rooms
D:5:      layout_basic, gammafunk_ghost_nasty_kobolds
D:6:      layout_gridville, nicolae_uskayaw_murder_on_the_dancefloor,
          serial_shops, shop, minivault_14
Temple:   eino_temple_scatter_basement

Skill      XL: |  1  2  3  4  5  6  7  8 |
---------------+-------------------------+-----
Invocations    | 1 2 3 |  3.7
Short Blades   | 1 2 3 |  3.4
Long Blades    | 1 2 3 |  3.4
Axes           | 1 2 3 |  3.4
Maces & Flails | 1 2 3 |  3.4
Polearms       | 1 2 3 |  3.4
Staves         | 1 2 3 |  3.4
Slings         | 1 2 3 |  3.4
Bows           | 1 2 3 |  3.4
Throwing       | 1 2 3 |  3.4
Armour         | 1 2 3 |  3.4
Stealth        | 1 2 3 |  3.4
Shields        | 1 2 3 |  3.4
Unarmed Combat | 1 2 3 |  3.4
Evocations     | 1 2 3 |  3.4
Spellcasting   | 3 4 |  4.5
Conjurations   | 1 2 |  2.8
Summonings     | 1 2 |  2.8
Necromancy     | 1 2 |  2.8
Translocations | 1 2 |  2.8
Transmutations | 1 2 |  2.8
Fire Magic     | 1 2 |  2.8
Ice Magic      | 1 2 |  2.8
Air Magic      | 1 2 |  2.8
Earth Magic    | 1 2 |  2.8
Poison Magic   | 1 2 |  2.8
Fighting       | 3 4 |  4.3
Crossbows      | 5 |  5.8
Dodging        | 5 |  5.8
Hexes          | 6 |  6.2

Action                   |  1- 3 |  4- 6 |  7- 9 || total
-------------------------+-------+-------+-------++-------
Melee: Dagger            |     2 |    30 |   107 ||   139
       Bite              |     1 |     3 |    11 ||    15
       Punch             |       |       |     4 ||     4
 Fire: Hand crossbow     |   146 |   129 |   133 ||   408
 Cast: Slow              |    21 |    25 |    29 ||    75
       Inner Flame       |       |       |     1 ||     1
  Use: Scroll            |     9 |     2 |     4 ||    15
       Potion            |       |     1 |     1 ||     2
Armor: Leather armour    |    18 |    32 |    57 ||   107
Dodge: Dodged            |    50 |    56 |   144 ||   250

Table legend: (Time is in decaauts)
 A = Elapsed time spent in this place.
 B = Non-inter-level travel time spent in this place.
 C = Inter-level travel time spent in this place.
 D = Time resting spent in this place.
 E = Time spent auto-exploring this place.
 F = Levels seen in this place.
 G = Mean time per level.
                   A        B        C        D        E       F      G
               +--------+--------+--------+--------+--------+-----+--------+
         Total |   8032 |   7540 |    492 |   1449 |   4546 |   7 | 1147.4 |
       Dungeon |   7791 |   7323 |    468 |   1449 |   4347 |   6 | 1298.5 |
        Temple |    240 |    216 |     24 |      0 |    199 |   1 |  240.0 |
               +--------+--------+--------+--------+--------+-----+--------+

Top non-repeatable levels by time:
     D:5: 2180 daAuts
     D:2: 1821 daAuts
     D:1: 1089 daAuts
     D:3: 1042 daAuts
     D:4: 907 daAuts
     D:6: 750 daAuts
  Temple: 240 daAuts
